 Dungeon Crawl Stone Soup version 0.31-a0-705-ga145531891 (webtiles) character file.

Game seed: 15852124950948417008

1115 qw the Skirmisher (level 8, -2/51 HPs)
             Began as a Gargoyle Hunter on Sept 9, 2023.
             Killed by divine providence
             ... invoked by an orc priest
              (14 damage)
             ... on level 6 of the Dungeon.
             The game lasted 00:02:06 (4721 turns).

qw the Skirmisher (Gargoyle Hunter)                 Turns: 4721, Time: 00:02:06

Health: -2/51      AC: 16    Str: 14 (15) XL:     8   Next: 34%
Magic:  8/8        EV: 12    Int:  7 (10) God:
Gold:   209        SH:  0    Dex: 14 (15) Spells: 7/7 levels left

rFire   + . .        Y - +0 shortbow
rCold   . . .        (shield currently unavailable)
rNeg    + . .        j - +2 robe {rF+}
rPois   inf          e - +0 helmet
rElec   +            (no cloak)
rCorr   .            m - +0 pair of gloves
SInv    .            c - +0 pair of boots
Will    .....        (no amulet)
Stlth   ++           d - +4 ring of protection
HPRegen 0.28/turn    (no ring)
MPRegen 0.11/turn

%: no passive effects
@: about to teleport
A: sickness immunity, AC +5, negative energy resistance 1, electricity
resistance, torment resistance 1, petrification resistance
a: no special abilities


You were on level 6 of the Dungeon.
You visited 2 branches of the dungeon, and saw 7 of its levels.

You collected 209 gold pieces.


Innate Abilities, Weirdness & Mutations

You are immune to sickness and miasma.
Your stone body is resilient. (AC +5)
You are immune to poison.
You resist negative energy. (rN+)
You are resistant to electric shocks. (rElec)
You are resistant to unholy torment.
You are immune to petrification.


   Skills:
 + Level 5.6 Fighting
 - Level 9.0 Ranged Weapons
 - Level 1.0 Armour
 - Level 2.2 Dodging
 - Level 1.1 Stealth


You had 7 spell levels left.
You didn't know any spells.
Your spell library was empty.

Inventory:

Hand Weapons
 Y - a +0 shortbow (weapon)
Armour
 c - a +0 pair of boots (worn)
 e - a +0 helmet (worn)
 j - a +2 robe of fire resistance (worn)
 m - a +0 pair of gloves (worn)
 n - a +3 leather armour of poison resistance
Jewellery
 d - a +4 ring of protection (left hand)
Scrolls
 b - a scroll of teleportation
 g - a scroll of identify
Potions
 a - a potion of cancellation
 k - a potion of mutation {unknown}
 l - a potion of berserk rage {unknown}

Dungeon Overview and Level Annotations

Branches:
Dungeon (6/15)             Temple (1/1) D:4

Altars:
Ashenzari
Cheibriados
Dithmenos
Elyvilon
Fedhas
Gozag
Kikubaaqudgha
Makhleb
Nemelex Xobeh
Qazlal
Ru
Trog
Uskayaw
Vehumet
Wu Jian
Xom
Yredelemnul
Zin
The Shining One

Annotations:
D:5 1 runed translucent door, Crazy Yiuf


Message History

The ice beast is severely wounded.
The ice beast hits you. The ice beast freezes you!
4712 ||| READING 3 scrolls of teleportation.
As you read the scroll of teleportation, it crumbles to dust.
You feel strangely unstable. The ice beast misses you.
4713 ||| DRINKING potion of heal wounds.
You feel much better.
The ice beast hits you but does no damage.
You shoot an arrow. The arrow closely misses the ice beast.
Your surroundings suddenly seem different. 2 orcs and an orc priest come into view.
You shoot an arrow. The arrow hits the orc!
You kill the orc!
The orc priest shouts!
The orc priest mumbles some strange prayers to Beogh against you.
Pain shoots through your body!
The orc shouts!
You shoot an arrow. The arrow hits the orc priest.
The orc priest is moderately wounded.
You shoot an arrow.
The arrow hits the orc priest but does no damage.
The orc priest is moderately wounded.
You shoot an arrow.
The arrow hits the orc priest but does no damage.
The orc priest is moderately wounded.
You shoot an arrow. The arrow barely misses the orc priest.
The arrow barely misses the orc.
The orc priest mumbles some strange prayers to Beogh against you.
Beogh smites you!
4720 ||| READING 2 scrolls of teleportation.
As you read the scroll of teleportation, it crumbles to dust.
You feel strangely unstable.
The orc priest mumbles some strange prayers to Beogh against you.
You are unaffected.
You shoot an arrow. The arrow hits the orc.
The orc is heavily wounded.
The orc priest invokes the aid of Beogh against you.
Beogh smites you!
You die...

#########
........#
........#
........#
........#
...).oo@#
........#
........#
........#
#######.#
#.# #.#
#.#


You could see an orc priest and an orc.

Vanquished Creatures
  Grinder (D:3)
  Sigmund (D:5)
  Duvessa (D:5)
  A black bear (D:6)
  Blork the orc (D:4)
  Dowan (D:5)
  A howler monkey (D:5)
  An orc priest (D:4)
  A jelly (D:6)
  A hound (D:4)
  A sleepcap (D:5)
  Ijyb (D:5)
  Jessica (D:2)
  3 orc wizards
  6 gnolls (D:3)
  6 adders
  3 dart slugs
  7 orcs
  9 endoplasms
  5 giant cockroaches
  7 hobgoblins
  8 jackals
  7 kobolds
  3 quokkas
  8 ball pythons
  4 bats
  4 frilled lizards
  9 goblins
  6 rats
108 creatures vanquished.

Notes
Turn   | Place    | Note
-------+----------+-------------------------------------------
     0 | D:1      | qw the Gargoyle Hunter began the quest for the Orb.
     0 | D:1      | Reached XP level 1. HP: 12/12 MP: 1/1
     0 | D:1      | 0 ||| qw: Version: 0.3-a-80-g6052c40
     0 | D:1      | 0 ||| qw: Game counter: 1334
     0 | D:1      | 0 ||| qw: Melee chars always use a shield: true
     0 | D:1      | 0 ||| qw: God list: Okawaru
     0 | D:1      | 0 ||| qw: Allow faded altars: false
     0 | D:1      | 0 ||| qw: Do Orc after clearing Dungeon:15 true
     0 | D:1      | 0 ||| qw: Do second Lair branch before Depths: true
     0 | D:1      | 0 ||| qw: Lair rune preference: random
     0 | D:1      | 0 ||| qw: Goals: Normal
     0 | D:1      | 0 ||| PLANNING D:1-11
    49 | D:1      | Found a faded altar of an unknown god.
   153 | D:1      | Reached XP level 2. HP: 17/17 MP: 2/2
   432 | D:1      | 432 ||| UPGRADING to +0 helmet.
   437 | D:1      | 437 ||| READING scroll labelled GIHUVVOVVO.
   438 | D:1      | 438 ||| READING scroll labelled ZEPPUT SEAROENK.
   439 | D:1      | 439 ||| DRINKING 2 lumpy pink potions.
   440 | D:1      | 440 ||| DROPPING scroll of butterflies.
   479 | D:2      | 479 ||| STAIRDANCE
   492 | D:2      | 492 ||| STAIRDANCE
   501 | D:1      | Reached XP level 3. HP: 21/21 MP: 3/3
   507 | D:2      | 507 ||| STAIRDANCE
   513 | D:1      | Reached skill level 5 in Ranged Weapons
   525 | D:2      | 525 ||| STAIRDANCE
   877 | D:2      | Reached skill level 3 in Fighting
  1036 | D:2      | Reached XP level 4. HP: 28/28 MP: 4/4
  1109 | D:2      | Noticed Jessica
  1118 | D:2      | Killed Jessica
  1185 | D:2      | 1185 ||| UPGRADING to +2 robe of fire resistance.
  1195 | D:2      | 1195 ||| DROPPING +0 leather armour.
  1196 | D:2      | 1196 ||| DROPPING +0 robe of willpower.
  1197 | D:2      | 1197 ||| READING scroll labelled GIYTAR LAUF.
  1202 | D:2      | 1202 ||| READING 2 scrolls labelled ZEODUYRETI.
  1203 | D:2      | 1203 ||| DRINKING 2 coppery potions.
  1204 | D:2      | 1204 ||| DROPPING potion of magic.
  1348 | D:3      | Reached XP level 5. HP: 32/32 MP: 5/5
  1353 | D:3      | 1353 ||| FLEEEEING.
  1428 | D:3      | Noticed Grinder
  1449 | D:3      | Killed Grinder
  1450 | D:3      | Reached skill level 7 in Ranged Weapons
  1450 | D:3      | Reached XP level 6. HP: 37/37 MP: 6/6
  2025 | D:3      | 2025 ||| UPGRADING to +0 pair of boots.
  2030 | D:3      | 2030 ||| UPGRADING to +4 ring of protection.
  2031 | D:3      | 2031 ||| DROPPING ring of flight.
  2032 | D:3      | 2032 ||| DRINKING 2 grey potions.
  2033 | D:3      | 2033 ||| DROPPING potion of brilliance.
  2210 | D:4      | Found a staircase to the Ecumenical Temple.
  2211 | D:4      | 2211 ||| PLANNING TEMPLE
  2211 | D:4      | 2211 ||| DRINKING 2 amethyst potions.
  2212 | D:4      | 2212 ||| READING 2 scrolls of identify.
  2212 | D:4      | 2212 ||| IDENTIFYING green potion
  2222 | Temple   | Entered the Ecumenical Temple
  2223 | Temple   | 2223 ||| PLANNING D:1-11
  2315 | D:4      | Reached skill level 1 in Armour
  2362 | D:4      | Reached XP level 7. HP: 31/43 MP: 7/7
  2406 | D:4      | Found a sacrificial altar of Ru.
  2406 | D:4      | Found a shimmering altar of Xom.
  2414 | D:4      | Found a broken altar of Ashenzari.
  2416 | D:4      | Found a faded altar of an unknown god.
  2418 | D:4      | Found a hide-covered altar of Uskayaw.
  2652 | D:4      | Noticed Blork the orc
  2663 | D:4      | Killed Blork the orc
  3156 | D:4      | 3156 ||| UPGRADING to +0 pair of gloves.
  3213 | D:5      | Entered Level 5 of the Dungeon
  3213 | D:5      | Noticed Duvessa
  3213 | D:5      | Noticed Dowan
  3215 | D:5      | 3215 ||| STAIRDANCE
  3281 | D:5      | 3281 ||| STAIRDANCE
  3383 | D:5      | 3383 ||| STAIRDANCE
  3393 | D:5      | 3393 ||| STAIRDANCE
  3418 | D:5      | 3418 ||| STAIRDANCE
  3463 | D:5      | 3463 ||| STAIRDANCE
  3512 | D:5      | 3512 ||| STAIRDANCE
  3547 | D:5      | Killed Duvessa
  3548 | D:5      | Reached skill level 8 in Ranged Weapons
  3548 | D:5      | 3548 ||| STAIRDANCE
  3639 | D:5      | Killed Dowan
  3640 | D:5      | 3640 ||| STAIRDANCE
  3785 | D:5      | Noticed Sigmund
  3805 | D:5      | Killed Sigmund
  3806 | D:5      | Reached XP level 8. HP: 39/50 MP: 8/8
  4047 | D:5      | 4047 ||| DRINKING 2 potions of curing.
  4047 | D:5      | 4047 ||| (to cure confusion)
  4056 | D:5      | 4056 ||| FLEEEEING.
  4057 | D:5      | 4057 ||| FLEEEEING.
  4058 | D:5      | 4058 ||| FLEEEEING.
  4059 | D:5      | 4059 ||| FLEEEEING.
  4060 | D:5      | 4060 ||| FLEEEEING.
  4061 | D:5      | 4061 ||| FLEEEEING.
  4062 | D:5      | 4062 ||| FLEEEEING.
  4063 | D:5      | 4063 ||| FLEEEEING.
  4064 | D:5      | 4064 ||| FLEEEEING.
  4065 | D:5      | 4065 ||| STAIRDANCE
  4089 | D:5      | 4089 ||| STAIRDANCE
  4094 | D:5      | 4094 ||| STAIRDANCE
  4096 | D:5      | 4096 ||| STAIRDANCE
  4098 | D:5      | 4098 ||| STAIRDANCE
  4100 | D:5      | 4100 ||| DRINKING potion of curing.
  4100 | D:5      | 4100 ||| (to cure confusion)
  4106 | D:5      | 4106 ||| STAIRDANCE
  4260 | D:5      | Found a runed translucent door.
  4261 | D:5      | Noticed Crazy Yiuf
  4378 | D:5      | Noticed Ijyb
  4394 | D:5      | Killed Ijyb
  4644 | D:5      | 4644 ||| DRINKING 2 purple potions.
  4645 | D:5      | 4645 ||| DROPPING potion of degeneration.
  4701 | D:6      | Reached skill level 9 in Ranged Weapons
  4711 | D:6      | HP: 8/50 [ice beast (11)]
  4712 | D:6      | 4712 ||| READING 3 scrolls of teleportation.
  4713 | D:6      | 4713 ||| DRINKING potion of heal wounds.
  4719 | D:6      | HP: 12/51 [orc priest/divine providence (13)]
  4720 | D:6      | 4720 ||| READING 2 scrolls of teleportation.
  4721 | D:6      | Killed from afar by an orc priest

Levels and vault maps discovered:
D:1:      lightli_arrival_isolated_outpost, layout_rooms,
          shapermc_ecumenical_altar_mp_highgroup
D:2:      layout_basic, uniq_jessica
D:3:      minmay_octagon_keep, layout_basic, minmay_circle_x, uniq_grinder
D:4:      layout_basic, chequers_temple_overflow_minitemple,
          minmay_temple_entry_wispy, uniq_blork_the_orc
D:5:      lemuel_ice_spiral_2, layout_basic, uniq_duvessa, uniq_sigmund,
          uniq_crazy_yiuf_cottage, uniq_ijyb
D:6:      layout_basic, ebering_ghost_gozag, kennysheep_big_empty_room,
          uniq_pikel, uniq_menkaure, uniq_maggie
Temple:   nicolae_temple_bog_church

Skill      XL: |  1  2  3  4  5  6  7  8 |
---------------+-------------------------+-----
Ranged Weapons | 5 7 8 9 |  9.0
Fighting       | 3 4 5 |  5.6
Armour         | 1 |  1.0
Dodging        | 2 |  2.2
Stealth        | |  1.1

Action                     |  1- 3 |  4- 6 |  7- 9 || total
---------------------------+-------+-------+-------++-------
   Fire: Shortbow          |   100 |   196 |   206 ||   502
    Use: Scroll            |     2 |     3 |     2 ||     7
         Potion            |     1 |     3 |     4 ||     8
 Armour: Leather armour    |    29 |     4 |       ||    33
         Robe              |       |    45 |   170 ||   215
  Dodge: Dodged            |    41 |    46 |    88 ||   175

Table legend:
 A = Non-vault XP
 B = Vault XP
 C = Vault XP percentage of total XP
 D = Non-vault monster count
 E = Vault monster count
 F = Vault count percentage of total count
                 A         B        C        D         E       F
            +---------+---------+-------+---------+---------+-------
      Total |     704 |     890 |  55.8 |      83 |      25 |  23.1
            +---------+---------+-------+---------+---------+-------
        D:1 |      41 |       0 |   0.0 |      24 |       0 |   0.0
        D:2 |      69 |      37 |  34.9 |      17 |       1 |   5.6
        D:3 |     119 |     294 |  71.2 |      16 |      19 |  54.3
        D:4 |     173 |      94 |  35.2 |      19 |       1 |   5.0
        D:5 |     133 |     465 |  77.8 |       4 |       4 |  50.0
        D:6 |     169 |       0 |   0.0 |       3 |       0 |   0.0
            +---------+---------+-------+---------+---------+-------
